Map: Gutterhulk

Players

drSickbock

  • Race: Protoss Protoss
  • Spawn Location: 9:00

Rocket

  • Race: Terran Terran
  • Spawn Location: 12:00

Cyberwizzard

  • Race: Zerg Zerg
  • Spawn Location: 3:00

Roald

  • Race: Zerg Zerg
  • Spawn Location: 6:00

VOD

Have the link to the VOD?

Description

Time

  • Played on: March 11, 2025, 3:34 p.m.
  • Length: 13:19
Show
View Real Time Build Order
Export as new Build Order

drSickbock Protoss 

Build Orders:  

Get SALT Encoding   

  12  0:00  Probe  
  13  0:13  Probe  
  14  0:25  Pylon  
  14  0:45  Probe  
  14  0:48  Assimilator  
  15  0:53  Gateway  
  15  0:58  Probe  
  16  1:12  Assimilator  
  16  1:16  Probe  
  17  1:28  Probe  
  18  1:40  Pylon  
  18  1:46  Cybernetics Core  
  18  1:49  Probe  
  18  1:51  Zealot  
  21  2:00  Probe  
  21  2:07  Pylon  
  21  2:08  Probe  
  23  2:16  Probe  
  23  2:17  Pylon  
  26  2:23  Stalker  
  26  2:28  Probe  
  27  2:40  Probe  
  27  2:42  Stargate  
  28  2:52  Probe  
  28  2:54  Protoss Air Weapons Level 1  
  28  2:55  Sentry  
  31  3:15  Stalker  
  33  3:21  Void Ray  
  37  3:49  Stalker  
  39  3:56  Probe  
  44  4:10  Void Ray  
  44  4:22  Pylon  
  44  4:25  Nexus  
  44  4:30  Probe  
  45  4:42  Forge, Probe  
  46  4:46  Gateway  
  46  4:49  Pylon  
  46  4:54  Probe  
  46  4:55  Shield Battery  
  47  5:04  Stalker  
  47  5:06  Probe  
  50  5:18  Probe  
  51  5:25  Void Ray  
  51  5:31  Probe  
  51  5:35  Probe  
  57  5:43  Probe x2, Assimilator  
  59  5:55  Probe  
  60  5:59  Pylon  
  60  6:03  Probe  
  61  6:07  Probe  
  61  6:10  Assimilator  
  62  6:15  Probe  
  62  6:16  Protoss Ground Weapons Level 1  
  63  6:19  Probe  
  64  6:28  Probe  
  65  7:29  Probe x2  
  67  7:38  Stargate  
  67  7:41  Sentry, Probe, Fleet Beacon  
  67  7:43  Pylon  
  70  7:48  Pylon  
  70  7:52  Photon Cannon  
  70  7:53  Photon Cannon  
  70  7:56  Photon Cannon  
  70  7:58  Shield Battery  
  70  8:01  Stalker  
  72  8:08  Probe  
  72  8:09  Probe  
  72  8:10  Flux Vanes  
  78  8:13  Photon Cannon  
  78  8:18  Void Ray  
  78  8:20  Probe  
  79  8:29  Phoenix  
  81  8:46  Phoenix  
  81  8:51  Void Ray  
  87  9:16  Void Ray  
  91  9:34  Void Ray  
  91  9:49  Pylon  
  91  9:51  Pylon  
  91  10:06  Tempest  
  95  10:10  Pylon  
  95  10:11  Tempest, Pylon  
  99  10:16  Pylon  
  99  10:17  Shield Battery  
  99  10:20  Shield Battery, Photon Cannon  
  99  10:22  Photon Cannon  
  99  10:35  Shield Battery  
  99  10:54  Tempest  
  107  10:59  Void Ray  
  105  11:42  Unknown  
Show
View Real Time Build Order
Export as new Build Order

Rocket Terran 

Build Orders:  

Get SALT Encoding   

  12  0:00  SCV  
  13  0:18  Supply Depot  
  13  0:21  SCV  
  14  0:34  SCV  
  15  0:46  SCV  
  16  0:50  Barracks  
  16  0:54  Supply Depot  
  16  0:56  Refinery  
  16  1:03  Refinery  
  16  1:06  SCV  
  17  1:18  SCV  
  18  1:33  Supply Depot  
  18  1:35  SCV  
  18  1:39  Marine  
  20  1:51  Factory  
  20  1:57  Marine  
  21  2:02  SCV  
  22  2:14  SCV  
  23  2:18  Marine  
  24  2:43  Factory Tech Lab  
  24  2:49  Orbital Command  
  24  2:52  Marine  
  25  3:19  Engineering Bay  
  25  3:20  SCV  
  26  3:34  Siege Tank  
  26  3:37  SCV  
  30  3:53  Sensor Tower  
  30  3:54  Marine  
  31  4:03  SCV  
  32  4:15  SCV  
  33  4:20  Command Center  
  33  4:26  Missile Turret  
  33  4:47  Refinery x2  
  33  4:56  Supply Depot  
  33  4:58  Supply Depot  
  33  5:20  Supply Depot  
  33  5:40  Planetary Fortress  
  33  5:42  Supply Depot  
  33  5:47  Siege Tank  
  36  5:52  SCV  
  37  6:06  Supply Depot  
  37  6:28  Supply Depot  
  32  6:50  Supply Depot  
  32  6:53  Supply Depot  
  32  6:56  Supply Depot  
  9  7:30  Orbital Command  
  9  7:33  SCV  
  10  7:45  SCV  
  11  7:57  SCV  
  12  8:09  SCV  
  13  8:21  SCV  
  14  8:29  Barracks, SCV  
  14  8:30  Refinery  
  14  8:33  SCV  
  16  8:41  SCV  
  16  8:45  SCV  
  18  8:51  Command Center  
  18  8:53  SCV  
  18  8:55  Refinery  
  19  9:03  Command Center  
  19  9:05  SCV  
  19  9:08  SCV  
  21  9:17  SCV  
  21  9:20  SCV  
  23  9:26  Supply Depot  
  23  9:29  SCV  
  24  9:33  SCV  
  25  9:40  Supply Depot  
  25  9:42  SCV  
  25  9:45  SCV  
  27  9:54  SCV  
  27  9:57  Factory  
  28  10:06  SCV  
  29  10:18  SCV  
  30  10:29  Sensor Tower  
  30  10:30  SCV  
  30  10:35  Orbital Command  
  31  10:38  SCV  
  31  10:42  SCV  
  33  10:45  Cyclone  
  36  10:50  Missile Turret, SCV  
  36  10:54  SCV  
  38  11:01  Planetary Fortress  
  38  11:02  SCV  
  39  11:06  Supply Depot, SCV  
  40  11:13  Factory  
  40  11:14  SCV  
  41  11:18  SCV  
  42  11:26  SCV  
  43  11:34  Missile Turret  
  43  11:58  Missile Turret  
  40  12:04  Factory Tech Lab  
  40  12:05  Siege Tank  
  43  12:25  Missile Turret  
  43  12:26  Factory  
  43  12:34  Factory, SCV  
  43  12:36  SCV  
  45  12:37  Siege Tank  
  48  12:44  Missile Turret  
  48  12:46  SCV  
  48  12:47  Armory  
  48  12:48  Armory, SCV  
  50  12:58  SCV  
  50  13:00  SCV  
Show
View Real Time Build Order
Export as new Build Order

Cyberwizzard Zerg 

Build Orders: Hatch First 

Get SALT Encoding   

  12  0:10  Overlord  
  12  0:18  Drone x2  
  14  0:28  Drone  
  15  0:33  Drone  
  16  0:44  Drone  
  17  0:58  Drone  
  17  1:00  Hatchery  
  17  1:11  Spawning Pool  
  16  1:15  Extractor  
  16  1:16  Drone  
  16  1:18  Drone  
  17  1:38  Drone x2  
  19  1:49  Drone  
  20  2:03  Queen, Roach Warren  
  21  2:08  Drone  
  21  2:09  Overlord  
  22  2:15  Drone  
  22  2:20  Queen  
  25  2:49  Drone x2  
  25  2:50  Drone x4  
  31  3:07  Drone x2  
  31  3:11  Lair  
  33  3:17  Roach  
  33  3:18  Overlord  
  35  3:33  Overlord  
  35  3:43  Roach x2  
  35  3:44  Roach x2  
  43  3:57  Roach x4  
  51  4:12  Overlord x2  
  51  4:15  Glial Reconstitution  
  51  4:20  Evolution Chamber, Queen  
  51  4:24  Extractor, Drone  
  52  4:33  Drone x3  
  55  4:39  Roach  
  55  4:40  Roach  
  55  4:43  Zergling x6  
  55  4:44  Zergling x2  
  63  5:09  Drone x5  
  63  5:12  Extractor  
  67  5:20  Zerg Missile Weapons Level 1  
  67  5:21  Pneumatized Carapace  
  67  5:28  Overlord x3  
  67  5:49  Roach x3  
  77  5:50  Roach x5  
  83  6:00  Drone  
  83  6:03  Drone  
  59  7:11  Roach x3  
  59  7:12  Roach x6  
  59  7:13  Roach x2  
  65  7:38  Hydralisk Den  
  64  7:47  Spore Crawler  
  64  7:50  Zerg Ground Armor Level 1  
  63  8:02  Drone x3  
  66  8:13  Spore Crawler, Spine Crawler  
  66  8:14  Spine Crawler x3  
  66  8:18  Spore Crawler  
  66  8:19  Spore Crawler, Drone x3  
  63  8:20  Drone x6  
  68  8:32  Drone x2  
  70  8:40  Hatchery  
  69  8:42  Evolution Chamber  
  69  8:44  Spore Crawler  
  67  8:49  Spore Crawler  
  67  8:52  Spore Crawler  
  67  8:54  Hydralisk x3  
  67  8:55  Hydralisk x4  
  75  8:59  Queen  
  79  9:34  Overlord x4  
  79  9:35  Overlord  
  79  9:48  Zerg Missile Weapons Level 2  
  79  9:49  Zerg Ground Armor Level 2  
  79  9:52  Hatchery  
  78  9:54  Overseer x2  
  78  10:01  Muscular Augments  
  78  10:05  Hydralisk x2, Zergling x8  
  86  10:31  Roach  
  86  10:32  Roach x7  
  102  10:38  Burrow  
  102  10:50  Extractor  
  102  10:51  Drone  
  102  10:59  Drone x2  
  102  11:00  Drone x2  
  106  11:05  Grooved Spines  
  106  11:10  Ravager x7  
  106  11:11  Ravager  
  95  12:05  Hydralisk x5  
  95  12:06  Hydralisk x2  
  102  12:33  Overlord x5  
  98  12:52  Hydralisk x3  
Show
View Real Time Build Order
Export as new Build Order

Roald Zerg 

Build Orders: Pool First 

Get SALT Encoding   

  12  0:11  Drone  
  13  0:23  Spawning Pool  
  13  0:25  Extractor  
  11  0:32  Evolution Chamber  
  10  0:37  Drone  
  10  0:42  Drone  
  12  0:49  Drone  
  13  0:53  Extractor  
  12  1:03  Drone x2  
  14  1:17  Overlord  
  14  1:37  Roach Warren  
  13  1:42  Drone  
  13  1:43  Drone  
  15  1:56  Drone  
  15  1:58  Drone  
  17  2:28  Hatchery  
  16  2:36  Roach  
  18  2:39  Drone  
  19  2:49  Drone  
  19  2:50  Drone  
  21  3:01  Overlord  
  21  3:08  Drone  
  22  3:18  Lair  
  22  3:28  Roach  
  22  3:30  Drone  
  25  3:43  Roach  
  25  3:44  Roach  
  29  3:51  Roach  
  31  3:57  Roach  
  33  4:06  Zerg Melee Weapons Level 1  
  33  4:08  Roach  
  35  4:14  Overlord  
  35  4:24  Overlord  
  35  4:34  Overlord  
  35  4:35  Drone  
  38  4:45  Roach  
  38  4:46  Roach  
  38  4:47  Roach  
  38  4:50  Drone  
  43  4:57  Glial Reconstitution  
  43  5:04  Burrow  
  43  5:07  Drone  
  44  5:16  Extractor  
  43  5:22  Roach  
  43  5:23  Overlord, Roach  
  47  5:42  Roach  
  51  5:43  Roach x3  
  55  6:01  Overseer x2  
  55  6:03  Roach x3  
  61  6:16  Tunneling Claws  
  61  6:39  Roach x3  
  61  7:30  Overlord x2  
  61  7:31  Overlord  
  61  7:41  Hydralisk Den  
  61  7:43  Spire  
  59  7:45  Extractor  
  59  7:49  Drone  
  59  7:50  Drone x4  
  63  8:27  Hydralisk x2  
  63  8:28  Hydralisk x2  
  63  8:29  Hydralisk x2  
  73  8:58  Hydralisk x3  
  73  8:59  Hydralisk  
  81  9:49  Overlord x4  
  81  10:12  Lurker Den  
  81  10:13  Grooved Spines  
  80  10:20  Overseer  
  80  10:21  Overseer  
  80  10:26  Ravager  
  80  10:27  Ravager x2  
  80  10:28  Ravager  
  84  11:03  Muscular Augments  
  84  11:04  Mutalisk x2  
  84  11:06  Hydralisk x2  
  84  11:07  Hydralisk  
Tags
 
Add a new tag
Caveats
  • Supply blocks, unpowered buildings, or Contaminate may cause inaccurate times.
  • Supply counts are checked every 10 seconds.